 Dungeon Crawl Stone Soup version 0.19.5 (webtiles) character file.

960 Shoikan the Basher (level 7, -6/62 HPs)
             Began as a Minotaur Berserker on Mar 15, 2017.
             Was a Priest of Trog.
             Mangled by a wyvern (13 damage)
             ... on level 5 of the Dungeon.
             The game lasted 00:18:05 (3589 turns).

Shoikan the Basher (Minotaur Berserker)             Turns: 3589, Time: 00:18:07

Health: -6/62      AC: 13    Str: 21    XL:     7   Next: 92%
Magic:  6/6        EV:  9    Int:  4    God:    Trog [***...]
Gold:   264        SH:  4    Dex: 12    Spells: 0 memorised, 6 levels left

rFire  . . .     SeeInvis .     a - +0 mace
rCold  . . .     Gourm    .     t - +0 chain mail
rNeg   . . .     Faith    .     D - +0 buckler
rPois  +         Spirit   .     (helmet restricted)
rElec  .         Reflect  .     (no cloak)
rCorr  .         Harm     .     (no gloves)
MR     .....                    (no boots)
Stlth  ..........               (no amulet)
                                y - +3 ring of protection
                                u - ring of poison resistance

@: no status effects
A: retaliatory headbutt, horns 2
a: Berserk, Trog's Hand, Burn Spellbooks, Renounce Religion


You were on level 5 of the Dungeon.
You worshipped Trog.
Trog was most pleased with you.
You were hungry.

You visited 1 branch of the dungeon, and saw 5 of its levels.

You collected 264 gold pieces.

Inventory:

Hand Weapons
 a - a +0 mace (weapon)
Armour
 t - a +0 chain mail (worn)
 D - a +0 buckler (worn)
Jewellery
 i - an uncursed ring of positive energy
 u - a ring of poison resistance (left hand)
 x - an uncursed ring of ice
 y - a +3 ring of protection (right hand)
Scrolls
 d - a scroll of amnesia {unknown}
 e - 4 scrolls of teleportation
 m - 2 scrolls of remove curse {unknown}
 n - a scroll of fog {unknown}
 o - a scroll of recharging {unknown}
 p - a scroll of magic mapping {unknown}
 q - a scroll of fear {unknown}
 C - a scroll of blinking {unknown}
Potions
 g - a potion of haste {unknown}
 h - 4 potions of curing
 j - a potion of heal wounds
 k - 2 potions of lignification
 r - 4 potions of cure mutation
 s - a potion of might {unknown}
 v - 2 potions of agility {unknown}
 z - a potion of mutation {unknown}
 B - 2 potions of flight {unknown}
 E - a potion of resistance {unknown}
Comestibles
 b - 3 fruits
 c - 3 bread rations
 f - a beef jerky
 l - 4 meat rations
 w - a slice of pizza


   Skills:
 + Level 5.8 Fighting
 + Level 8.3 Maces & Flails
 + Level 5.9 Armour
 + Level 3.4 Dodging
 - Level 0.1 Stealth
 + Level 1.3 Shields


You had 6 spell levels left.
You didn't know any spells.

Dungeon Overview and Level Annotations

Branches:
Dungeon (5/15)
 Temple: D:4-7

Altars:
Dithmenos


Innate Abilities, Weirdness & Mutations

You reflexively headbutt those who attack you in melee.
You have a pair of horns on your head.


Message History

The wyvern is heavily wounded.
The wyvern bites you!
Your chain mail prevents you from hitting the wyvern.
The wyvern is heavily wounded.
The wyvern bites you but does no damage.
The wyvern hisses menacingly.
The wyvern bites you.
You hit the wyvern but do no damage.
The wyvern is heavily wounded.
The wyvern bites you.
* * * LOW HITPOINT WARNING * * *
The crimson imp completely misses you.
You hit the wyvern.
The wyvern is severely wounded.
The wyvern bites you!
* * * LOW HITPOINT WARNING * * *
The crimson imp grins evilly.
The crimson imp hits you but does no damage.
The wyvern bites you!
You die...

### ###.##########
#.......<....#
#####.#....##.##.#
#.............##.#####
#(###.#....#..........
#.#
#.....##.###..######
#.#
###.#.##...l........
#.#####.#.######@5####
..................#
#.####..#.........#
#.# #..#.........#
..####..##.######.#
........##.# .#
...(##.###.# .#
##..##.# #.# .#
#..##.# #.#


You could see a wyvern and a crimson imp.

Vanquished Creatures
  The ghost of Lizzreth the Chopper, an amateur DsFi (D:5)
  Duvessa (D:4)
  An ice beast (D:5)
  An ogre (D:4)
  A phantom (D:4)
  A centaur (D:4)
  Dowan (D:4)
  A bullfrog skeleton (D:5)
  A hound (D:4)
  Natasha (thrice) (D:4)
  3 gnolls (D:3)
  3 adders
  A dart slug (D:1)
  A leopard gecko (D:1)
  4 orcs
  5 bats
  5 giant cockroaches
  4 goblins
  8 hobgoblins
  8 jackals (D:1)
  12 kobolds
  4 quokkas
  4 frilled lizards
  A quokka zombie (D:5)
  8 rats
83 creatures vanquished.

Notes
Turn   | Place    | Note
-------+----------+-------------------------------------------
     0 | D:1      | Shoikan the Minotaur Berserker began the quest for the Orb.
     0 | D:1      | Reached XP level 1. HP: 19/19 MP: 0/0
   326 | D:1      | Reached XP level 2. HP: 25/27 MP: 1/1
   462 | D:1      | Reached skill level 4 in Maces & Flails
   750 | D:1      | Reached XP level 3. HP: 29/33 MP: 2/2
   927 | D:2      | Reached ** piety under Trog
  1735 | D:3      | Reached XP level 4. HP: 41/41 MP: 3/3
  1802 | D:3      | Reached skill level 5 in Maces & Flails
  2424 | D:4      | Noticed Natasha
  2435 | D:4      | Killed Natasha
  2435 | D:4      | Reached XP level 5. HP: 47/47 MP: 4/4
  2470 | D:4      | Noticed Duvessa
  2470 | D:4      | Noticed Dowan
  2483 | D:4      | Killed Duvessa
  2483 | D:4      | Reached skill level 5 in Fighting
  2485 | D:4      | Killed Dowan
  2485 | D:4      | Reached XP level 6. HP: 56/56 MP: 5/5
  2593 | D:4      | Noticed Natasha
  2598 | D:4      | Killed Natasha
  2619 | D:4      | Reached *** piety under Trog
  2619 | D:4      | Reached skill level 6 in Maces & Flails
  2676 | D:4      | Reached skill level 5 in Armour
  2687 | D:4      | Reached XP level 7. HP: 61/61 MP: 6/6
  3005 | D:4      | Noticed Natasha
  3010 | D:4      | Killed Natasha
  3055 | D:4      | Reached skill level 7 in Maces & Flails
  3278 | D:5      | Entered Level 5 of the Dungeon
  3319 | D:5      | Reached skill level 1 in Shields
  3322 | D:5      | Found a shadowy altar of Dithmenos.
  3333 | D:5      | Noticed Lizzreth's ghost (amateur DsFi)
  3349 | D:5      | Killed Lizzreth's ghost
  3349 | D:5      | Reached skill level 8 in Maces & Flails
  3578 | D:5      | Noticed a wyvern
  3589 | D:5      | Mangled by a wyvern

Skill      XL: |  1  2  3  4  5  6  7 |
---------------+----------------------+-----
Fighting       | 4 5 |  5.8
Maces & Flails | 4 5 6 8 |  8.3
Armour         | 3 4 5 |  5.9
Dodging        | 3 |  3.4
Shields        | 1 |  1.3
Stealth        | |  0.1

Action                   |  1- 3 |  4- 6 |  7- 9 || total
-------------------------+-------+-------+-------++-------
Melee: Mace              |   100 |    71 |    56 ||   227
       Headbutt          |    13 |    20 |    13 ||    46
Invok: Berserk           |       |     3 |     1 ||     4
       Trog's Hand       |       |     1 |       ||     1
  Use: Scroll            |     4 |       |     2 ||     6
  Eat: Chunk             |     2 |     6 |     4 ||    12
Armor: Animal skin       |     2 |       |       ||     2
       Leather armour    |    23 |       |       ||    23
       Chain mail        |    20 |    52 |    31 ||   103
Dodge: Dodged            |    78 |    36 |    15 ||   129
Block: Buckler           |       |    10 |     6 ||    16
